 Dungeon Crawl Stone Soup version 0.30-a0-782-ge64f9170bb (webtiles) character file.

Game seed: 5667625504139053145

10 Bnni the Trooper (level 2, 24/24 HPs)
             Began as a Demonspawn Fighter on Feb 22, 2023.
             Quit the game on level 1 of the Dungeon.
             The game lasted 00:00:18 (78 turns).

Bnni the Trooper (Demonspawn Fighter)                 Turns: 78, Time: 00:00:18

Health: 24/24      AC:  6    Str: 16    XL:     2   Next: 10%
Magic:  2/2        EV:  8    Int:  9    God:
Gold:   0          SH:  8    Dex: 12    Spells: 1/1 levels left

rFire   . . .      SeeInvis .    a - +0 trident
rCold   . . .      Faith    .    c - +0 buckler
rNeg    . . .      Spirit   .    b - +0 scale mail
rPois   .          Reflect  .    (no helmet)
rElec   .          Harm     .    (no cloak)
rCorr   .          Rampage  .    (no gloves)
Will    .....                    (no boots) Stlth
                                 (no amulet)
HPRegen 0.24/turn                (no ring)
MPRegen 0.08/turn                (no ring)

@: no status effects
A: condensation shield
a: no special abilities


You were on level 1 of the Dungeon.
You visited 1 branch of the dungeon, and saw 1 of its levels.

Inventory:

Hand Weapons
 a - a +0 trident (weapon)
Armour
 b - a +0 scale mail (worn)
 c - a +0 buckler (worn)
Scrolls
 e - a scroll of teleportation {unknown}
Potions
 d - a potion of might


   Skills:
 + Level 3.1 Fighting
 * Level 2.1 Polearms
 - Level 2.6 Armour
 * Level 2.9 Shields


You had one spell level left.
You didn't know any spells.
Your spell library was empty.

Dungeon Overview and Level Annotations

Branches:
Dungeon (1/15)

Altars:


Innate Abilities, Weirdness & Mutations

A meltable shield of frost defends you. (SH +4)


Message History

No target in view!
No target in view!
A ball python and a goblin come into view.
Found a stone staircase leading down.
The ball python hisses angrily.
The goblin shouts!
The ball python moves out of view. 2 endoplasms come into view.
Found a dagger.
The endoplasm quivers.
There are monsters nearby!
A dart slug comes into view.
You reach to attack!
You puncture the endoplasm!
You kill the endoplasm!
You reach to attack!
You puncture the endoplasm!
You kill the endoplasm!
The ball python barely misses you. You block the ball python's attack.
Your Polearms skill increases to level 2!
You closely miss the ball python. The ball python closely misses you. x2
You puncture the ball python!
You kill the ball python!
The goblin hits you with a +0 club. The goblin hits you but does no damage.
You closely miss the goblin. The goblin hits you but does no damage.
You puncture the goblin!
You kill the goblin!
The dart slug launches a dart at you.
The slug dart hits you but does no damage.
A ball python comes into view.
You hit the dart slug.
The dart slug is lightly wounded.
The dart slug launches a dart at you.
The slug dart hits you but does no damage.
You hit the dart slug.
The dart slug is severely wounded.
The dart slug barely misses you.
You puncture the dart slug!
You kill the dart slug!
You have reached level 2!
Your demonic ancestry asserts itself...
Frost condenses into a shield before you.
Are you sure you want to abandon this character and quit the game? (Confirm with "yes".)

### ##### ...
#.... ....
.#)... .....
......#####.....
#.............
#####..@S#
#..>...)##
#.####..# ##.
#..# .... #..###
....###....#
........##.###.
...............
........##.###.


You could see a ball python.

Vanquished Creatures
  A dart slug (D:1)
  A ball python (D:1)
  2 endoplasms (D:1)
  A goblin (D:1)
  A hobgoblin (D:1)
  A rat (D:1)
7 creatures vanquished.

Notes
Turn   | Place    | Note
-------+----------+-------------------------------------------
     0 | D:1      | Bnni the Demonspawn Fighter began the quest for the Orb.
     0 | D:1      | Reached XP level 1. HP: 18/18 MP: 1/1
    78 | D:1      | Gained mutation: A meltable shield of frost defends you.
                  | (SH +4) [demonic ancestry]
    78 | D:1      | Reached XP level 2. HP: 24/24 MP: 2/2
    78 | D:1      | Quit the game

Illustrated notes

Levels and vault maps discovered:
D:1:      saegor_arrival_under_anarchy, layout_basic

Skill      XL: |  1 |
---------------+----+-----
Polearms       | 2 |  2.1
Fighting       | |  3.1
Armour         | |  2.6
Shields        | |  2.9

Action                     || total
---------------------------++-------
  Melee: Trident           ||    12
 Armour: Scale mail        ||     4
  Dodge: Dodged            ||     5
  Block: Buckler           ||     1

Table legend: (Time is in decaauts)
 A = Elapsed time spent in this place.
 B = Non-inter-level travel time spent in this place.
 C = Inter-level travel time spent in this place.
 D = Time resting spent in this place.
 E = Time spent auto-exploring this place.
 F = Levels seen in this place.
 G = Mean time per level.
                   A        B        C        D        E       F      G
               +--------+--------+--------+--------+--------+-----+--------+
         Total |     81 |     81 |      0 |      0 |     54 |   1 |   81.0 |
       Dungeon |     81 |     81 |      0 |      0 |     54 |   1 |   81.0 |
               +--------+--------+--------+--------+--------+-----+--------+

Top non-repeatable levels by time:
     D:1: 81 daAuts
